 Dungeon Crawl Stone Soup version 0.30-a0-802-gb92711bcdf (webtiles) character file.

Game seed: 16375768294900599353

2222 freelancePsychic the Covert (level 9, -5/62 HPs)
             Began as an Octopode Cinder Acolyte on Feb 24, 2023.
             Was an Elder of Ignis.
             Shot with a bolt by an orc warrior (17 damage)
             ... on level 7 of the Dungeon.
             The game lasted 00:11:24 (7177 turns).

freelancePsychic the Covert (OpCA)                  Turns: 7177, Time: 00:11:25

Health: -5/62      AC:  8    Str: 17    XL:     9   Next: 35%
Magic:  11/13      EV: 15    Int: 20    God:    Ignis [****..]
Gold:   374        SH:  0    Dex: 12    Spells: 11/13 levels left

rFire   + . .      SeeInvis .    a - -1 spear (flame)
rCold   + . .      Faith    .    (no shield)
rNeg    + . .      Spirit   .    (helmet restricted)
rPois   .          Reflect  .    j - amulet of regeneration
rElec   .          Harm     .    n - ring of protection from cold
rCorr   .          Rampage  .    m - ring "Ittanour" {rN+ Str+3 Dex+5}
Will    .....                    (no ring)
Stlth   +++++                    (no ring)
HPRegen 1.10/turn                (no ring)
MPRegen 0.13/turn                (no ring)
                                 (no ring)
                                 (no ring)

@: fiery-armoured
A: almost no armour, amphibious, 8 rings, camouflage 1, gelatinous body 1,
(nimble swimmer 1), tentacles
a: Renounce Religion, Fiery Armour, Foxfire Swarm, Rising Flame


You were on level 7 of the Dungeon.
You worshipped Ignis.
Ignis was greatly pleased with you.
You visited 2 branches of the dungeon, and saw 8 of its levels.

You collected 374 gold pieces.

Inventory:

Hand Weapons
 a - a -1 spear of flaming (weapon)
Jewellery
 j - an amulet of regeneration (around mantle)
 k - a +6 ring of intelligence
 m - the ring "Ittanour" (right tentacle) {rN+ Str+3 Dex+5}
   (You acquired it on level 1 of the Dungeon)

   [ring of positive energy]

   Str:       It affects your strength (+3).
   Dex:       It affects your dexterity (+5).
   rN:        It protects you from negative energy.
 n - a ring of protection from cold (left tentacle)
 s - a ring of resist corrosion
 w - a +6 ring of dexterity
Wands
 A - a wand of polymorph (5)
Scrolls
 f - 3 scrolls of teleportation {@r4}
 g - a scroll of magic mapping {unknown}
 h - 3 scrolls of vulnerability
 i - a scroll of amnesia
 l - 5 scrolls of identify {unknown}
 o - 2 scrolls of enchant weapon {unknown}
 p - 2 scrolls of enchant armour
 v - a scroll of butterflies {unknown}
 y - 4 scrolls of noise {unknown}
 z - 3 scrolls of immolation {unknown}
Potions
 c - 2 potions of heal wounds {unknown}
 d - 2 potions of resistance {unknown}
 e - a potion of lignification {unknown}
 q - 4 potions of might {unknown}
 r - a potion of attraction {unknown}
 t - a potion of flight {unknown}
 u - 4 potions of curing {unknown}
 x - a potion of degeneration {unknown}
 B - a potion of ambrosia {unknown}


   Skills:
 + Level 5.8 Fighting
 - Level 3.0 Polearms
 + Level 6.4 Dodging
 + Level 9.3 Stealth
 + Level 2.6 Spellcasting
 - Level 6.0 Fire Magic


You had 11 spell levels left.
You knew the following spells:

 Your Spells              Type           Power      Damage    Failure   Level
b - Scorch                Fire           52%        2d8       1%          2

Your spell library contained the following spells:

 Spells                   Type           Power      Damage    Failure   Level
 Blink                    Tloc           4%         N/A       22%         2
 Dazzling Flash           Conj/Hex       4%         N/A       41%         3
 Manifold Assault         Tloc           2%         N/A       82%         4
 Agony                    Necr           2%         N/A       99%         5
 Blade Hands              Tmut           1%         N/A       99%         5
 Silence                  Hex/Air        1%         N/A       99%         5
 Iron Shot                Conj/Erth      1%         9d1       100%        6
 Storm Form               Tmut/Air       1%         N/A       100%        7
 Animate Armour           Summ/Erth      Unusable   N/A       N/A         4

Dungeon Overview and Level Annotations

Branches:
Dungeon (7/15)             Temple (1/1) D:7

Altars:
Gozag
Uskayaw
Xom

Annotations:
D:1 2 transporters
D:4 Dowan, Duvessa
D:5 3 runed translucent doors, soul19's ghost, novice TrFi
D:6 2 transporters, thurberlil's ghost, novice HuSu


Innate Abilities, Weirdness & Mutations

You cannot wear most types of armour.
You are amphibious.
You can wear up to eight rings at the same time.
Your skin changes colour to match your surroundings (Stealth+).
Your rubbery body absorbs attacks. (AC +1, EV +1)
((You are camouflaged when in or above water. (Stealth+)))
You have tentacles for arms and can constrict up to eight enemies at once.


Message History

You closely miss the steam dragon. Your squeeze misses the steam dragon.
The steam dragon is heavily wounded.
The steam dragon bites you.
The steam dragon is burned by your cloak of flames.
The steam dragon is heavily wounded.
The steam dragon barely misses you.
Okay, then.
Okay, then.
As you read the scroll of teleportation {@r4}, it crumbles to dust.
You feel strangely unstable. The steam dragon completely misses you.
The steam dragon barely misses you.
You hit the steam dragon but do no damage.
Your squeeze misses the steam dragon.
The steam dragon is heavily wounded.
The orc priest calls down the wrath of Beogh upon you.
Beogh smites you!
The steam dragon bites you but does no damage.
The steam dragon is burned by your cloak of flames.
The steam dragon is severely wounded.
The steam dragon claws you but does no damage.
You closely miss the steam dragon.
The steam dragon is severely wounded.
The steam dragon misses you. The steam dragon barely misses you.
The orc hits you from afar with a +0 trident!
You hit the steam dragon. You burn the steam dragon.
The steam dragon is almost dead.
The steam dragon bites you.
* * * LOW HITPOINT WARNING * * *
The steam dragon claws you.
* * * LOW HITPOINT WARNING * * *
The orc hits you from afar with a +0 trident.
* * * LOW HITPOINT WARNING * * *
Casting: Scorch (safe; 1% risk of failure)
Confirm with . or Enter, or press ? or * to list all spells.
Flames lash the steam dragon.
The steam dragon is almost dead.
The steam dragon's fire resistance burns away.
Your surroundings suddenly seem different.
The orc warrior shoots a bolt.
The bolt hits you!
You die...

##..................
#...................
#.......##....##....
#......#.##..##.#...
#.....#.#.#..#.#.#..
#.....##.#....#.##oo
#....#.##§§§...##.#.
#...#.#§.§§§....o#o#
#..@##[§§§§§§§$..o##
#..#..ooo.§§§§...o..
#.....oo..§§§§....).
#...###.###§§§......
###....## ##§§.....#
###.## #......## ##
##......# #.......#
#.######.#


You could see an orc warrior, 2 orc priests and 2 orcs.

Vanquished Creatures
  2 water moccasins
  A sky beast (D:7)
  An ice beast (D:6)
  A black bear (D:6)
  A centaur (D:6)
  2 ogres (D:5)
  A phantom (D:6)
  2 bullfrogs (D:7)
  A necrophage (D:6)
  5 scorpions
  3 wights (D:5)
  A killer bee (D:5)
  3 hounds
  4 jellies
  A gnoll bouda (D:2)
  3 orc priests
  2 iguanas
  3 orc wizards
  7 gnolls
  8 adders
  4 shadow imps
  3 ufetubi
  2 dart slugs (D:4)
  16 orcs
  5 ball pythons
  5 bats
  5 endoplasms
  4 giant cockroaches
  5 hobgoblins
  3 jackals (D:2)
  6 quokkas
  4 frilled lizards
  10 goblins
  4 kobolds
  12 rats
140 creatures vanquished.

Vanquished Creatures (others)
  10 foxfires (D:5)
  6 plants (D:4)
16 creatures vanquished.

Grand Total: 156 creatures vanquished

Notes
Turn   | Place    | Note
-------+----------+-------------------------------------------
     0 | D:1      | freelancePsychic the Octopode Cinder Acolyte began the
                  | quest for the Orb.
     0 | D:1      | Reached XP level 1. HP: 16/16 MP: 2/2
    73 | D:1      | Reached skill level 1 in Stealth
   128 | D:1      | Reached XP level 2. HP: 19/21 MP: 3/3
   134 | D:1      | Reached skill level 2 in Stealth
   356 | D:1      | Found a faded altar of an unknown god.
   375 | D:1      | Learned a level 2 spell: Scorch
   566 | D:2      | Reached skill level 3 in Stealth
   568 | D:2      | Reached XP level 3. HP: 26/26 MP: 4/4
   706 | D:2      | Reached skill level 4 in Stealth
   803 | D:2      | Reached XP level 4. HP: 29/31 MP: 0/5
  1286 | D:2      | Reached skill level 5 in Stealth
  1340 | D:2      | Reached XP level 5. HP: 31/36 MP: 3/6
  2553 | D:1      | Reached skill level 6 in Stealth
  2624 | D:1      | Identified a scroll of acquirement
  2624 | D:1      | Acquired the ring "Ittanour" {rN+ Str+3 Dex+5}
  2678 | D:4      | Found a shimmering altar of Xom.
  2823 | D:4      | Reached skill level 1 in Dodging
  2823 | D:4      | Reached XP level 6. HP: 25/42 MP: 7/7
  3090 | D:4      | You fall into a shaft and drop 3 floors!
  3099 | D:7      | Found a staircase to the Ecumenical Temple.
  3110 | Temple   | Entered the Ecumenical Temple
  3227 | D:7      | Reached XP level 7. HP: 46/46 MP: 5/8
  3368 | D:5      | Entered Level 5 of the Dungeon
  3378 | D:5      | Reached skill level 7 in Stealth
  3378 | D:5      | Reached skill level 5 in Fire Magic
  3487 | D:4      | Noticed Duvessa
  3676 | D:4      | Found a hide-covered altar of Uskayaw.
  3710 | D:4      | Noticed Dowan
  4431 | D:5      | Reached XP level 8. HP: 54/54 MP: 4/9
  4873 | D:5      | Reached skill level 5 in Dodging
  4873 | D:5      | Reached skill level 8 in Stealth
  5377 | D:5      | Found a runed translucent gate.
  5377 | D:5      | Found a runed translucent gate.
  5377 | D:5      | Found an opulent altar of Gozag.
  5378 | D:5      | Found a runed translucent gate.
  5379 | D:5      | Noticed a wyvern
  5380 | D:5      | Noticed soul19's ghost (novice TrFi)
  5670 | D:6      | Reached skill level 5 in Fighting
  5963 | D:6      | Found a transporter.
  5964 | D:6      | Found a transporter.
  5964 | D:6      | Noticed thurberlil's ghost (novice HuSu)
  6073 | D:6      | Reached XP level 9. HP: 58/61 MP: 2/11
  6383 | D:6      | Reached skill level 9 in Stealth
  7177 | D:7      | Shot with a bolt by an orc warrior

Illustrated notes

Levels and vault maps discovered:
D:1:      spicycebolla_arrival_transporter_tutorial, layout_basic,
          shapermc_ecumenical_altar_mp_urbaneastern
D:2:      layout_rooms, kennysheep_generic_room_14
D:3:      layout_basic, serial_glass, glass_columns_a, glass_columns_b
D:4:      layout_rooms, kennysheep_little_box,
          nicolae_uskayaw_murder_on_the_dancefloor, serial_forest,
          infiniplex_forest_split, infiniplex_forest_clump_small,
          infiniplex_forest_straight_2, infiniplex_forest_clump_long,
          infiniplex_forest_diagonal, infiniplex_forest_fountain,
          infiniplex_forest_diagonal, minmay_cut_off, uniq_duvessa
D:5:      minmay_general_purpose_star, layout_basic, ebering_ghost_gozag
D:6:      layout_loops_cross, gammafunk_ghost_arena
D:7:      layout_loops_ring, minmay_temple_entry_glassed_door,
          minmay_misc_feat_more_columns, minmay_misc_feat_secret_circle,
          st_stairs_14
Temple:   nicolae_temple_figure_eight

Skill      XL: |  1  2  3  4  5  6  7  8  9 |
---------------+----------------------------+-----
Stealth        | 1 3 4 5 6 7 8 9 |  9.3
Fire Magic     | 4 5 6 |  6.0
Dodging        | 1 2 4 5 6 |  6.4
Fighting       | 4 5 |  5.8
Spellcasting   | 2 |  2.6
Polearms       | |  3.0

Action                     |  1- 3 |  4- 6 |  7- 9 || total
---------------------------+-------+-------+-------++-------
  Melee: Spear             |    55 |    49 |    86 ||   190
         Constrict         |    10 |    12 |    15 ||    37
         Tentacles         |     7 |    13 |    18 ||    38
         Punch             |     1 |       |     2 ||     3
   Cast: Scorch            |     7 |    36 |    85 ||   128
 Invoke: Fiery Armour      |       |     1 |     2 ||     3
         Foxfire Swarm     |       |       |     1 ||     1
    Use: Scroll            |       |     6 |     2 ||     8
   Stab: Sleeping          |     8 |     5 |     6 ||    19
         Distracted        |       |     2 |     2 ||     4
 Armour: Skin              |     2 |     4 |    10 ||    16
  Dodge: Dodged            |    12 |    31 |    48 ||    91

Table legend: (Time is in decaauts)
 A = Elapsed time spent in this place.
 B = Non-inter-level travel time spent in this place.
 C = Inter-level travel time spent in this place.
 D = Time resting spent in this place.
 E = Time spent auto-exploring this place.
 F = Levels seen in this place.
 G = Mean time per level.
                   A        B        C        D        E       F      G
               +--------+--------+--------+--------+--------+-----+--------+
         Total |   7170 |   6923 |    247 |    278 |   5579 |   8 |  896.2 |
       Dungeon |   7168 |   6921 |    247 |    278 |   5579 |   7 | 1024.0 |
        Temple |      1 |      1 |      0 |      0 |      0 |   1 |    1.0 |
               +--------+--------+--------+--------+--------+-----+--------+

Top non-repeatable levels by time:
     D:5: 1482 daAuts
     D:4: 1198 daAuts
     D:3: 1185 daAuts
     D:6: 1050 daAuts
     D:2: 802 daAuts
     D:7: 754 daAuts
     D:1: 694 daAuts
  Temple: 1 daAuts
